 Dungeon Sprint DCSS version 0.21-a0-434-g806c6c2 (webtiles) character file.

236 Coron the Chopper (level 5, -6/56 HPs)
             Began as a Deep Dwarf Berserker on Nov 9, 2017.
             Was a High Priest of Trog.
             Mangled by a manticore (7 damage)
             ... in the Dungeon (Sprint VII: "The Pits").
             The game lasted 00:02:02 (327 turns).

Coron the Chopper (Deep Dwarf Berserker)             Turns: 327, Time: 00:02:02

Health: -6/56      AC: 13    Str: 21    XL:     5   Next: 77%
Magic:  5/5        EV: 10    Int:  8    God:    Trog [*****.]
Gold:   0          SH:  0    Dex: 12    Spells: 4/4 levels left

rFire    . . .     SeeInvis .   q - +2 hand axe (freeze)
rCold    . . .     Gourm    .   (no shield)
rNeg     . . .     Faith    .   r - +3 chain mail
rPois    .         Spirit   .   (no helmet)
rElec    .         Reflect  .   (no cloak)
rCorr    .         Harm     .   (no gloves)
MR       ++...     NoTele   +   (no boots)
Stlth    ..........             (no amulet)
HPRegen  1.00/turn              (no ring)
MPRegen  0.09/turn              (no ring)

@: non-regenerating
A: damage resistance, heal wounds, sense surroundings 1, no regeneration
a: Heal Wounds, Berserk, Trog's Hand, Brothers in Arms, Burn Spellbooks,
Renounce Religion


You were in the Dungeon.
You worshipped Trog.
Trog was extremely pleased with you.
You were not hungry.

You visited 1 branch

Inventory:

Hand Weapons
 a - a +0 hand axe
 j - a +2 hand axe
 q - a +2 hand axe of freezing (weapon)
Armour
 b - a +0 animal skin
 r - a +3 chain mail (worn)
Scrolls
 i - a scroll of blinking
 l - 3 scrolls of remove curse
 m - a scroll of summoning
Potions
 d - 6 potions of curing
 e - 6 potions of heal wounds
 f - a potion of haste
 g - 4 potions of magic
 h - 3 potions of berserk rage
 k - 2 potions of invisibility
Comestibles
 c - 8 bread rations
 n - 40 fruits
 o - 7 meat rations
 p - 5 chunks of flesh


   Skills:
 + Level 6.5 Fighting
 + Level 7.8 Axes
 + Level 7.4 Armour
 - Level 5.0 Dodging


You had 4 spell levels left.
You didn't know any spells.

Dungeon Overview and Level Annotations

Branches:
Dungeon (1/1)

Altars:
Gozag
Hepliaklqana
Sif Muna
Trog
Jiyva


Innate Abilities, Weirdness & Mutations

You are resistant to damage.
You can heal yourself by infusing magical energy.
You passively map a small area around you.
You do not regenerate.


Message History

The manticore bites you!
* * * LOW HITPOINT WARNING * * *
The manticore claws you but does no damage. x2
You barely miss the manticore.
The manticore is almost dead.
The manticore closely misses you. The manticore claws you.
* * * LOW HITPOINT WARNING * * *
The manticore claws you but does no damage.
You hit the manticore but do no damage.
The manticore is almost dead.
The manticore bites you but does no damage.
The manticore claws you.
The manticore claws you but does no damage.
You slash the manticore! You freeze the manticore.
The manticore is almost dead.
The manticore bites you.
* * * LOW HITPOINT WARNING * * *
The manticore claws you but does no damage.
The manticore claws you!
You die...

#.#..#.)))[##.......#
,
#(###########.......#*
+ #.......#,,
######### #.......# *
** * * #...#.).# ,, *
, #..###..#+#, , * ,
#...#...#.+ , ,
#.......#H# ,
#.......@.#, ,,
########### *


You could see a manticore.

Vanquished Creatures
  A big kobold (D)
  A scorpion (D)
  2 jellies (D)
  A worker ant (D)
  A gnoll (D)
  A river rat (D)
  An ufetubus (D)
  A leopard gecko (D)
  An orc (D)
  A ball python (D)
  2 giant cockroaches (D)
  A goblin (D)
  A hobgoblin (D)
  3 jackals (D)
18 creatures vanquished.

Notes
Turn   | Place    | Note
-------+----------+-------------------------------------------
     0 | D        | Coron the Deep Dwarf Berserker began the quest for the Orb.
     0 | D        | Reached XP level 1. HP: 20/20 MP: 1/1
    45 | D        | Found a bloodstained altar of Trog.
    45 | D        | Found a deep blue altar of Sif Muna.
    45 | D        | Found a viscous altar of Jiyva.
    45 | D        | Found a hazy altar of Hepliaklqana.
    45 | D        | Found an opulent altar of Gozag.
    56 | D        | Reached ** piety under Trog
    56 | D        | Reached XP level 2. HP: 10/28 MP: 2/2
    77 | D        | Reached *** piety under Trog
    85 | D        | Noticed a scorpion
    96 | D        | Reached XP level 3. HP: 8/36 MP: 3/3
   107 | D        | Killed a scorpion
   107 | D        | Reached skill level 5 in Axes
   107 | D        | Reached XP level 4. HP: 30/45 MP: 4/4
   147 | D        | Reached skill level 5 in Armour
   152 | D        | Reached **** piety under Trog
   152 | D        | Reached skill level 5 in Dodging
   227 | D        | Reached skill level 5 in Fighting
   238 | D        | Received a gift from Trog
   238 | D        | Reached XP level 5. HP: 31/52 MP: 5/5
   300 | D        | Reached ***** piety under Trog
   314 | D        | Noticed a manticore
   327 | D        | HP: 1/56 [manticore (4)]
   327 | D        | Mangled by a manticore

Vault maps used:
D:        pitsprint

Skill      XL: |  1  2  3  4  5 |
---------------+----------------+-----
Fighting       | 3 4 5 6 |  6.5
Armour         | 3 4 6 7 |  7.4
Dodging        | 3 4 5 |  5.0
Axes           | 4 5 6 7 |  7.8

Action                   |  1- 3 |  4- 6 || total
-------------------------+-------+-------++-------
Melee: Hand axe          |    19 |    44 ||    63
Invok: Trog's Hand       |     1 |     3 ||     4
       Berserk           |     1 |     1 ||     2
  Eat: Chunk             |       |     1 ||     1
Armor: Chain mail        |       |    27 ||    27
       Animal skin       |       |     1 ||     1
Dodge: Dodged            |    16 |    29 ||    45

Table legend:
 A = Spawn XP
 B = Non-spawn XP
 C = Spawn XP percentage of total XP
 D = Spawn monster count
 E = Non-spawn monster count
 F = Spawn count percentage of total count
 G = Total turns spent on level
                    A         B        C        D         E        F      G
               +---------+---------+-------+---------+---------+-------+---------
         Total |       0 |     338 |   0.0 |       0 |      18 |   0.0 |   327
               +---------+---------+-------+---------+---------+-------+---------
             D |       0 |     338 |   0.0 |       0 |      18 |   0.0 |   327
               +---------+---------+-------+---------+---------+-------+---------
